 Dungeon Crawl Stone Soup version 0.20.0-14-g326068f (webtiles) character file.

2328 Manul the Covert (level 9, -1/59 HPs)
             Began as an Octopode Assassin on June 9, 2017.
             Was an Elder of Dithmenos.
             Slain by Joseph
             ... wielding a +0 quarterstaff
              (21 damage)
             ... on level 7 of the Dungeon.
             The game lasted 00:07:01 (7761 turns).

Manul the Covert (Octopode Assassin)                Turns: 7761, Time: 00:07:02

Health: -1/59      AC:  1    Str: 11    XL:     9   Next: 42%
Magic:  18/18      EV: 16    Int: 13    God:    Dithmenos [****..]
Gold:   279        SH:  0    Dex: 18    Spells: 8/8 levels left

rFire    + . .     SeeInvis .   v - +4 dagger (speed)
rCold    + . .     Gourm    .   (no shield)
rNeg     . . .     Faith    .   K - +0 hat
rPois    .         Spirit   .   (no amulet)
rElec    .         Reflect  .   y - ring of magical power
rCorr    .         Harm     .   A - ring of protection from fire
MR       .....                  (no ring)
Stlth    +++++++++.             (no ring)
Regen    0.2/turn               (no ring)
MPRegen  0.2/turn               (no ring)
                                (no ring)
                                (no ring)

@: lethally poisoned (-1 -> -4), wreathed by umbra
A: almost no armour, stealthy swim, amphibious, 8 rings, constrict 8, camouflage
1, agile 1, cold resistance 1, wild magic 1, gelatinous body 1
a: Shadow Step, Renounce Religion


You were on level 7 of the Dungeon.
You worshipped Dithmenos.
Dithmenos was greatly pleased with you.
You were not hungry.

You visited 1 branch of the dungeon, and saw 7 of its levels.
You also visited: Sewer.

You collected 279 gold pieces.

Inventory:

Hand Weapons
 a - a +2 dagger
 b - a +0 blowgun
 l - a +2 vampiric dagger
 v - a +4 dagger of speed (weapon)
 z - a +1 dagger of venom
Missiles
 c - 18 poisoned needles
 d - 2 curare-tipped needles
Armour
 K - a +0 hat (worn)
Jewellery
 y - a ring of magical power (left tentacle)
 A - a ring of protection from fire (right tentacle)
Wands
 J - a wand of enslavement (24/24)
Scrolls
 e - a scroll of immolation {unknown}
 h - a scroll of amnesia {unknown}
 i - 4 scrolls of identify
 j - 4 scrolls of fog
 o - 2 scrolls of enchant weapon {unknown}
 q - 2 scrolls of magic mapping
 D - a scroll of fear {unknown}
 E - a scroll of blinking
 G - a scroll of teleportation
Potions
 f - a potion of lignification
 g - 8 potions of curing
 k - 2 potions of invisibility
 m - 2 potions of cancellation
 p - a potion of degeneration {unknown}
 s - 4 potions of heal wounds {unknown}
 u - 3 potions of flight {unknown}
 w - a potion of magic
 x - 2 potions of haste {unknown}
 C - a potion of berserk rage
 F - 2 potions of might
 H - a potion of brilliance {unknown}
 L - a potion of mutation {unknown}
Comestibles
 n - 6 fruits
 r - 4 bread rations
 t - 2 meat rations
 B - 3 royal jellies
 I - 7 chunks of flesh


   Skills:
 + Level 4.7 Fighting
 + Level 6.7 Short Blades
 + Level 2.1 Throwing
 + Level 4.4 Dodging
 + Level 12.5 Stealth


You had 8 spell levels left.
You didn't know any spells.

Dungeon Overview and Level Annotations

Branches:
Dungeon (7/15)             Temple (0/1) D:4

Altars:
Dithmenos
Qazlal
Trog
Yredelemnul
The Shining One

Shops:
D:6 }

Annotations:
D:6 Mukku's ghost, novice KoAs
D:7 Joseph


Innate Abilities, Weirdness & Mutations

You cannot wear most types of armour.
You are very stealthy in the water. (Stealth+)
You are amphibious.
You can wear up to eight rings at the same time.
You can use your tentacles to constrict eight enemies at once.
Your skin changes colour to match your surroundings (Stealth+).
Your rubbery body absorbs attacks. (AC +1, EV +1)
You are agile. (Dex +2)
Your flesh is cold resistant. (rC+)
Your spells are a little harder to cast, but a little more powerful.


Message History

You constrict Joseph, but do no damage.
You feel sick. The adder barely misses you.
You hit Joseph.
Joseph is heavily wounded.
You constrict Joseph. You hit Joseph.
Joseph is severely wounded.
You constrict Joseph, but do no damage. The adder misses you.
Joseph hits you with an uncursed quarterstaff!
You are too injured to fight recklessly!
You are too injured to fight recklessly!
You are too injured to fight recklessly!
You hit Joseph. You squeeze Joseph, but do no damage.
Joseph is severely wounded.
You constrict Joseph. You hit Joseph but do no damage.
Joseph is severely wounded.
You constrict Joseph, but do no damage.
You feel sick. The adder bites you.
Joseph hits you with an uncursed quarterstaff!!
You die...

#### ....### ##########
.......### ###.........
.........####...........
..........((............
.......@..###...........
......@S...###..........
.....$....## #..........
........### ##..(...[..
.....#### #........#
.#### ##......##
##....### #......#
#.......


You could see Joseph and an adder.

Vanquished Creatures
  The ghost of xash the Changer, an amateur OpTm (D:4)
  Edmund (D:5)
  Duvessa (D:5)
  An orc warrior (D:6)
  A sky beast (D:4)
  A hornet zombie (D:7)
  A centaur (D:6)
  3 ogres
  A big kobold (D:5)
  2 bullfrogs
  Dowan (D:5)
  A scorpion (D:6)
  A howler monkey (D:4)
  3 crimson imps
  A centaur zombie (D:7)
  A bullfrog zombie (D:5)
  4 hounds
  A jelly (D:5)
  3 orc priests
  A bullfrog skeleton (D:6)
  Jessica (D:2)
  2 iguanas
  5 orc wizards
  A worker ant (D:4)
  A howler monkey skeleton (D:4)
  6 adders
  8 river rats
  3 shadow imps
  An adder zombie (D:5)
  4 worms
  A dart slug (D:3)
  9 leopard geckos
  25 orcs
  8 ball pythons
  6 giant cockroaches
  4 goblins
  11 hobgoblins
  6 jackals
  4 quokkas
  6 bats (D:1)
  9 frilled lizards
  A jackal skeleton (D:6)
  9 kobolds
  19 rats
180 creatures vanquished.

Notes
Turn   | Place    | Note
-------+----------+-------------------------------------------
     0 | D:1      | Manul the Octopode Assassin began the quest for the Orb.
     0 | D:1      | Reached XP level 1. HP: 14/14 MP: 1/1
    76 | D:1      | Reached XP level 2. HP: 8/19 MP: 2/2
   413 | D:1      | Reached skill level 6 in Stealth
   646 | D:1      | Reached XP level 3. HP: 16/24 MP: 3/3
  1039 | D:2      | HP: 1/24 [poisoned by an adder]
  1680 | D:2      | Reached XP level 4. HP: 29/29 MP: 4/4
  1931 | D:2      | Noticed Jessica
  1944 | D:2      | Killed Jessica
  1944 | D:2      | Reached skill level 7 in Stealth
  2710 | D:3      | Reached XP level 5. HP: 25/35 MP: 5/5
  3001 | D:3      | Found a faded altar of an unknown god.
  3128 | D:3      | Found a stormy altar of Qazlal.
  3409 | D:3      | Became a worshipper of Dithmenos the Shadowed
  3409 | D:3      | Reached * piety under Dithmenos
  3779 | D:4      | Reached skill level 8 in Stealth
  3779 | D:4      | Reached XP level 6. HP: 18/41 MP: 6/6
  4156 | D:4      | Noticed a sky beast
  4179 | D:4      | Killed a sky beast
  4179 | D:4      | Reached XP level 7. HP: 22/46 MP: 7/7
  4233 | D:4      | Gained mutation: Your flesh is cold resistant. (rC+) [mutagenic meat]
  4234 | D:4      | Gained mutation: Your spells are a little harder to cast, but a little more powerful. [mutagenic meat]
  4235 | D:4      | Gained mutation: You are agile. (Dex +2) [mutagenic meat]
  4414 | D:4      | Noticed xash's ghost (amateur OpTm)
  4426 | D:4      | Killed xash's ghost
  4426 | D:4      | Reached skill level 9 in Stealth
  4794 | D:4      | Reached ** piety under Dithmenos
  4814 | D:4      | Found a staircase to the Ecumenical Temple.
  4886 | D:4      | Found a bloodstained altar of Trog.
  5160 | D:5      | Entered Level 5 of the Dungeon
  5209 | D:5      | Reached skill level 10 in Stealth
  5209 | D:5      | Reached XP level 8. HP: 48/54 MP: 8/8
  5227 | D:5      | Noticed Edmund
  5229 | D:5      | Killed Edmund
  5229 | D:5      | Reached skill level 5 in Short Blades
  5514 | D:5      | Noticed Duvessa
  5515 | D:5      | Noticed Dowan
  5551 | D:5      | Killed Duvessa
  5554 | D:5      | Killed Dowan
  5847 | D:5      | Found a glowing drain.
  5851 | Sewer    | Entered a sewer
  5899 | Sewer    | Reached skill level 11 in Stealth
  5906 | Sewer    | Reached *** piety under Dithmenos
  6655 | D:6      | Found Rymurun's Gadget Boutique.
  6713 | D:6      | Found a glowing golden altar of the Shining One.
  6777 | D:6      | Reached XP level 9. HP: 59/59 MP: 9/9
  7173 | D:6      | Reached skill level 12 in Stealth
  7224 | D:6      | Noticed Mukku's ghost (novice KoAs)
  7583 | D:7      | Found a basalt altar of Yredelemnul.
  7644 | D:7      | Reached **** piety under Dithmenos
  7744 | D:7      | Noticed Joseph
  7761 | D:7      | Slain by Joseph

Skill      XL: |  1  2  3  4  5  6  7  8  9 |
---------------+----------------------------+-----
Stealth        | 6 7 8 10 11 12 | 12.5
Dodging        | 2 3 4 |  4.4
Short Blades   | 3 4 6 |  6.7
Fighting       | 3 4 |  4.7
Throwing       | |  2.1

Action                   |  1- 3 |  4- 6 |  7- 9 || total
-------------------------+-------+-------+-------++-------
Melee: Dagger            |    76 |   139 |   288 ||   503
       Constrict         |    18 |    18 |    47 ||    83
       Tentacles         |     6 |    20 |    65 ||    91
  Use: Scroll            |     4 |       |     8 ||    12
       Potion            |     1 |     2 |     1 ||     4
 Stab: Sleeping          |    14 |    15 |    37 ||    66
       Distracted        |       |       |     1 ||     1
  Eat: Chunk             |     1 |     5 |    14 ||    20
       Bread ration      |     1 |       |       ||     1
Armor: Skin              |    21 |    19 |     6 ||    46
Dodge: Dodged            |    50 |    46 |   113 ||   209
